 Dungeon Crawl Stone Soup version 0.16-a0-715-g16937c4 (webtiles) character file.

100 PolkaDot the Insei (level 4, 0/36 HPs)
             Began as a Draconian Transmuter on Sept 21, 2014.
             Slain by an adder (2 damage)
             ... on Level 4 of the Dungeon.
             The game lasted 00:10:07 (3033 turns).

PolkaDot the Insei (Draconian Transmuter)           Turns: 3033, Time: 00:10:07

HP   0/36        AC  5     Str 12      XL: 4   Next: 47%
MP   5/7         EV 12     Int 14      God:
Gold 106         SH  0     Dex 12      Spells:  2 memorised,  2 levels left

rFire  . . .     SeeInvis .       - Unarmed
rCold  . . .     Clarity  .     (armour unavailable)
rNeg   . . .     rCorr    .     (no shield)
rPois  .         rRot     .     (helmet restricted)
rElec  .         Spirit   .     (no cloak)
SustAb .         Warding  .     (no gloves)
rMut   .         Stasis   .     (boots unavailable)
Gourm  .                        (no amulet)
MR     .....                    (no ring)
                                (no ring)

@: lethally poisoned, appendage, very slightly contaminated, not resistant to
hostile enchantments, very unstealthy
A: unfitting armour, talons 3, cold-blooded, AC +5
a: End Transformation


You were on level 4 of the Dungeon.
You were not hungry.
You had grown temporary talons.
You visited 1 branch of the dungeon, and saw 4 of its levels.

You collected 106 gold pieces.

Inventory:

Missiles
 b - 41 arrows
Magical devices
 p - a wand of digging (23)
 t - a wand of confusion (0)
Comestibles
 a - 3 bread rations
 c - a chunk of giant newt flesh
 k - a meat ration
 m - a rotting chunk of bat flesh
 s - a chunk of goblin flesh
Scrolls
 e - 3 scrolls of recharging
 f - 3 scrolls of random uselessness {unknown}
 h - a scroll of identify {unknown}
 i - a scroll of amnesia {unknown}
 l - a scroll of fear {unknown}
 n - a scroll of fog {unknown}
 r - a scroll of remove curse {unknown}
 u - a scroll of magic mapping {unknown}
Potions
 o - a potion of haste
Books
 d - a book of Changes

   Spells                             Type                      Level
   *Beastly Appendage                 Transmutation                1
   Sticks to Snakes                   Transmutation                2
   Spider Form                        Transmutation/Poison         3
   *Ice Form                          Ice/Transmutation            4
   Blade Hands                        Transmutation                5


   Skills:
 - Level 2.0 Fighting
 - Level 1.7 Dodging
 - Level 4.1 Unarmed Combat
 - Level 2.0 Spellcasting
 - Level 2.8 Transmutations
 * Level 1.6 Ice Magic


You had 2 spell levels left.
You knew the following spells:

 Your Spells              Type           Power        Failure   Level  Hunger
a - Beastly Appendage     Trmt           #.....       10%         1    ##.....
x - Ice Form              Ice/Trmt       #.......     89%         4    #####..


Dungeon Overview and Level Annotations

Branches:
Dungeon (4/15)
 Temple: D:4-7

Altars:
Fedhas
Vehumet

Annotations:
D:3 Foahim's ghost, average DrFi


Innate Abilities, Weirdness & Mutations

Your plain brown scales are hard (AC +5).
Your body does not fit into most forms of armour.
Your cold-blooded metabolism reacts poorly to cold.
You have claws for feet.


Message History

Your feet morph into talons.
The adder bites you.
* * * LOW HITPOINT WARNING * * *
You hit the adder.
You tail-slap the adder, but do no damage.
The adder is heavily wounded.
The adder bites you.
* * * LOW HITPOINT WARNING * * *
You are poisoned.
The adder poisons you!
You closely miss the adder.
Your tail-slap misses the adder.
The adder is heavily wounded.
You feel sick. The adder bites you.
* * * LOW HITPOINT WARNING * * *
You barely miss the adder.
You tail-slap the adder, but do no damage.
The adder is heavily wounded.
The adder bites you.
* * * LOW HITPOINT WARNING * * *
The adder bites you.
You die...

# #. #.### ##
#..#. .##
...#..#
#....# #
#@#.#.#
#S#.#.#####
#g.........
##....##.##
#<.###
#.S.........#
#.###..####..
#..# #..#


You could see an adder and a hobgoblin.

Vanquished Creatures
  3 adders (D:2)
  A worm (D:2)
  An ooze (D:2)
  A ball python (D:3)
  11 bats
  5 giant cockroaches
  13 hobgoblins
  6 giant geckos
  3 giant newts
  5 goblins
  7 kobolds
  6 rats
62 creatures vanquished.

Notes
Turn   | Place    | Note
--------------------------------------------------------------
     0 | D:1      | PolkaDot, the Draconian Transmuter, began the quest for the Orb.
     0 | D:1      | Reached XP level 1. HP: 16/16 MP: 3/3
   415 | D:1      | Reached XP level 2. HP: 4/23 MP: 1/4
  1292 | D:2      | Found a blossoming altar of Fedhas.
  1306 | D:2      | Reached XP level 3. HP: 13/29 MP: 6/6
  1613 | D:2      | Reached skill level 4 in Unarmed Combat
  1865 | D:2      | Reached XP level 4. HP: 34/36 MP: 7/7
  1898 | D:2      | Learned a level 4 spell: Ice Form
  2416 | D:2      | Reached skill level 1 in Ice Magic
  2820 | D:3      | Found a radiant altar of Vehumet.
  2927 | D:3      | Noticed Foahim's ghost (average DrFi)
  3033 | D:4      | Slain by an adder

Action                   |  1- 3 |  4- 6 || total
-------------------------+-------+-------++-------
Melee: Unarmed           |   166 |    89 ||   255
 Cast: Beastly Appendage |    19 |     7 ||    26
Evoke: Wand              |       |     8 ||     8
  Use: Potion            |       |     6 ||     6
       Scroll            |       |     1 ||     1
 Stab: Invisible         |       |     4 ||     4
       Confused          |       |     3 ||     3
       Sleeping          |       |     2 ||     2
  Eat: Chunk             |     4 |     4 ||     8
